Map: Jagannatha LE

Players

blcyber - Winner!

  • Race: Zerg Zerg
  • League: Gold

A.I. 1 (Very Easy)

  • Race: Terran Terran

VOD

Have the link to the VOD?

Description

Time

  • Played on: June 26, 2021, 7:17 a.m.
  • Length: 11:57
Show
View Real Time Build Order
Export as new Build Order

blcyber Zerg - Winner!

Build Orders: Hatch First 

Get SALT Encoding   

  12  0:01  Drone  
  13  0:13  Overlord  
  13  0:22  Drone  
  14  0:32  Drone x2  
  16  0:36  Drone  
  17  0:56  Drone  
  18  1:00  Drone  
  18  1:01  Hatchery  
  18  1:10  Extractor  
  17  1:15  Spawning Pool  
  17  1:18  Drone  
  17  1:21  Drone  
  18  1:29  Drone  
  19  1:40  Drone  
  20  1:50  Overlord  
  20  2:18  Metabolic Boost  
  20  2:29  Queen  
  22  2:30  Queen  
  22  2:31  Hatchery  
  22  2:32  Zergling x2  
  22  2:33  Zergling x2  
  25  2:41  Drone x4  
  29  2:48  Drone  
  30  2:54  Drone  
  30  2:56  Overlord  
  31  3:12  Queen  
  33  3:18  Overlord  
  33  3:22  Drone x3  
  36  3:27  Drone x2  
  38  3:36  Drone  
  38  3:38  Drone  
  38  3:40  Drone x2  
  42  3:45  Queen  
  44  3:51  Drone x3  
  47  3:57  Queen  
  47  3:58  Overlord  
  49  4:11  Zergling x2  
  49  4:12  Zergling x2  
  49  4:14  Zergling x4  
  53  4:20  Overlord  
  53  4:28  Extractor  
  52  4:31  Evolution Chamber  
  52  4:33  Drone x5  
  52  4:34  Drone x3  
  52  4:35  Evolution Chamber  
  58  4:43  Queen  
  60  4:45  Overlord  
  60  4:49  Spore Crawler  
  60  4:50  Drone x2  
  60  4:51  Drone  
  62  4:53  Spore Crawler  
  61  5:00  Zerg Melee Weapons Level 1  
  61  5:01  Zerg Ground Armor Level 1  
  61  5:03  Zergling x2  
  61  5:04  Zergling x10  
  61  5:06  Overlord  
  67  5:14  Drone  
  67  5:15  Drone x3  
  67  5:17  Spore Crawler  
  67  5:19  Drone x2  
  72  5:26  Overlord  
  72  5:34  Queen  
  75  5:42  Drone  
  75  5:43  Drone x2  
  77  5:50  Lair  
  77  5:51  Baneling Nest  
  76  5:57  Overlord  
  76  5:58  Overlord  
  76  6:02  Drone x2  
  78  6:13  Drone x3  
  78  6:14  Drone  
  78  6:17  Hatchery x2  
  80  6:52  Centrifical Hooks  
  80  6:54  Hydralisk Den  
  80  7:00  Extractor  
  78  7:03  Extractor  
  78  7:07  Drone x3  
  80  7:09  Drone x3  
  80  7:15  Drone x3  
  85  7:16  Extractor  
  85  7:17  Extractor  
  85  7:18  Drone x3  
  85  7:19  Overlord  
  85  7:21  Zergling x12  
  85  7:22  Zergling x12  
  99  7:23  Zergling x2  
  99  7:25  Zerg Melee Weapons Level 2  
  99  7:26  Zerg Ground Armor Level 2  
  100  7:34  Grooved Spines  
  100  7:36  Evolution Chamber  
  99  7:45  Queen  
  99  7:46  Drone x5  
  99  7:47  Drone x6  
  99  7:48  Drone x4  
  116  8:00  Spore Crawler  
  116  8:04  Overlord  
  115  8:09  Baneling x2  
  115  8:10  Baneling x6  
  115  8:11  Baneling  
  115  8:14  Hydralisk  
  115  8:15  Hydralisk x5  
  115  8:17  Zergling x4  
  115  8:18  Zergling x10  
  134  8:22  Overlord x2  
  134  8:35  Zerg Missile Weapons Level 1  
  134  8:36  Infestation Pit  
  134  8:38  Drone x2  
  134  8:39  Drone x2  
  137  8:45  Muscular Augments, Drone x2  
  139  8:48  Overlord  
  139  8:49  Overlord  
  139  8:54  Hydralisk x4  
  147  8:55  Zergling x2  
  147  8:56  Zergling x14  
  155  9:06  Extractor, Drone x2  
  155  9:07  Extractor, Drone  
  155  9:08  Drone x3  
  155  9:09  Overlord x2  
  159  9:42  Hatchery  
  159  9:45  Hatchery  
  157  9:48  Hive  
  157  9:50  Overlord x2  
  157  9:51  Lurker Den  
  157  9:52  Hydralisk x6  
  160  9:54  Hydralisk x2, Zergling x8  
  160  9:55  Hydralisk  
  160  9:56  Zergling x8  
  182  10:44  Hydralisk x5  
  182  10:45  Zergling x6  
  182  10:46  Zergling x10  
  200  10:50  Baneling x5  
  200  10:51  Baneling x3  
  200  10:53  Overseer x2  
  200  10:54  Overseer  
Show
View Real Time Build Order
Export as new Build Order

A.I. 1 (Very Easy) Terran 

Build Orders: Reaper Expand 

Get SALT Encoding   

  12  0:00  SCV  
  13  0:13  SCV  
  14  0:18  Supply Depot  
  14  0:41  Barracks  
  14  1:04  Command Center  
  14  1:29  Orbital Command, Marine  
  15  1:33  Supply Depot  
  15  1:37  Refinery  
  15  1:49  Refinery  
  15  1:54  SCV  
  16  2:06  SCV  
  17  2:17  Reaper  
  17  2:18  SCV  
  17  2:20  SCV  
  20  2:30  SCV  
  20  2:34  SCV  
  22  2:42  SCV  
  22  2:43  Refinery  
  23  2:48  SCV  
  24  2:55  SCV  
  25  3:02  Marine  
  25  3:03  SCV  
  27  3:10  SCV  
  28  3:17  Factory, SCV  
  29  3:41  Refinery, SCV  
  30  3:47  Marine  
  32  3:48  SCV  
  32  3:55  SCV, Supply Depot  
  33  4:03  SCV  
  33  4:05  Starport  
  34  4:10  SCV  
  35  4:17  SCV  
  36  4:24  SCV  
  37  4:31  SCV  
  37  4:32  Marine  
  37  4:35  Supply Depot  
  39  4:38  SCV  
  39  4:42  Starport Tech Lab  
  40  4:45  SCV  
  41  4:53  SCV  
  42  5:00  SCV  
  42  5:01  Raven  
  45  5:07  SCV  
  46  5:14  SCV  
  46  5:17  Marine  
  48  5:28  SCV  
  48  5:44  Raven  
  50  6:03  Reaper  
  51  6:35  Barracks Tech Lab  
  51  6:55  Marauder  
  53  11:15  Medivac  
  53  11:17  Ghost Academy  
  55  11:19  Supply Depot  
  55  11:24  Marine  
  55  11:25  SCV  
  22  11:39  SCV  
Tags
 
Add a new tag
Caveats
  • Supply blocks, unpowered buildings, or Contaminate may cause inaccurate times.
  • Supply counts are checked every 10 seconds.